[Event "Titled Tuesday Blitz June 21 Early 2022"]
[White "Goltseva, Ekaterina"]
[Black "Halkias, Stelios"]
[WhiteFideId "24173770"]
[BlackFideId "4201809"]
[WhiteElo "2086"]
[BlackElo "2453"]
[Result "0-1"]
[Round "10"]
[TimeControl "180+1"]
[Date "2022.06.21"]
[WhiteClock "0:00:02"]
[BlackClock "0:01:00"]

1. d4 Nf6 2. c4 g6 3. Nc3 Bg7 4. e4 d6 5. Nge2 O-O 6. Ng3 h5 7. Be2 b5 8. cxb5 Bb7 9. Bf3 h4 10. Nge2 h3 11. gxh3 a6 12. bxa6 Nxa6 13. Ng3 Qd7 14. Bg2 c5 15. d5 Nb4 16. a3 c4 17. O-O Nd3 18. h4 Qg4 19. Bg5 Ba6 20. Bf3 Qh3 21. Qd2 Ng4 22. Bxg4 Qxg4 23. Bxe7 Rfb8 24. Rab1 Ne5 25. Qe2 Nf3+ 26. Kh1 Be5 27. Bg5 Bc8 28. Be3 Bd7 0-1


[Site "https://www.chess.com"]

[Event "Titled Tuesday Blitz June 21 Early 2022"]
[White "Gormally, Daniel W"]
[Black "Sethuraman, S.P."]
[WhiteFideId "406465"]
[BlackFideId "5021596"]
[WhiteElo "2543"]
[BlackElo "2473"]
[Result "0-1"]
[Round "10"]
[TimeControl "180+1"]
[Date "2022.06.21"]
[WhiteClock "0:00:10"]
[BlackClock "0:00:14"]

1. e4 c5 2. Nc3 d6 3. Nf3 Nc6 4. d4 cxd4 5. Nxd4 Nf6 6. Bg5 e6 7. Qd2 a6 8. O-O-O Be7 9. f3 Nxd4 10. Qxd4 b5 11. Kb1 Bb7 12. h4 O-O 13. g4 Qc7 14. Be3 Rfd8 15. g5 Nh5 16. Rg1 d5 17. e5 Rac8 18. Bd3 g6 19. Ne2 Ng7 20. Ng3 b4 21. h5 Bc5 22. Qf4 Bxe3 23. Qxe3 a5 24. hxg6 fxg6 25. Rh1 Qf7 26. Ne2 Rf8 27. Nd4 Qf4 28. Qxf4 Rxf4 29. Bb5 Rc7 30. Rh2 Bc8 31. b3 Nf5 32. Nxf5 Rxf5 33. Bd3 Rxg5 34. f4 Rg4 35. Rf2 Rf7 36. Rdf1 h5 37. Kc1 g5 38. Bg6 Rfxf4 39. Bxh5 Rxf2 40. Rxf2 Re4 41. Rf7 Rxe5 42. Ra7 Rf5 43. Rxa5 Kg7 44. Ra8 Rf8 45. a4 bxa3 46. b4 e5 47. b5 g4 48. b6 g3 49. Bf3 a2 50. Kb2 Rxf3 51. Rxc8 Ra3 0-1


[Site "https://www.chess.com"]

[Event "Titled Tuesday Blitz June 21 Early 2022"]
[White "Gracia Alvarez, Gerardo Antonio"]
[Black "Gabrielian, Artur"]
[WhiteFideId "5109124"]
[BlackFideId "4131002"]
[WhiteElo "2139"]
[BlackElo "2440"]
[Result "0-1"]
[Round "10"]
[TimeControl "180+1"]
[Date "2022.06.21"]
[WhiteClock "0:00:37"]
[BlackClock "0:01:51"]

1. e4 c5 2. Nc3 d6 3. d4 cxd4 4. Qxd4 Nc6 5. Qd2 Nf6 6. b3 e6 7. Bb2 d5 8. exd5 exd5 9. O-O-O Be6 10. Kb1 Bb4 11. Qd3 Qa5 12. Nb5 Ne4 13. a3 Be7 14. Nh3 a6 15. Nd4 Nxd4 16. Bxd4 Rc8 17. b4 Qa4 18. Nf4 O-O 19. f3 Nd6 20. Nxe6 fxe6 21. Qe3 Qxc2+ 0-1


[Site "https://www.chess.com"]

[Event "Titled Tuesday Blitz June 21 Early 2022"]
[White "Gubajdullin, Alexei"]
[Black "Zaloznyy, Mike"]
[WhiteFideId "4141202"]
[BlackFideId "2023075"]
[WhiteElo "2280"]
[BlackElo "2003"]
[Result "1-0"]
[Round "10"]
[TimeControl "180+1"]
[Date "2022.06.22"]
[WhiteClock "0:01:55"]
[BlackClock "0:00:04"]

1. d4 Nf6 2. Nf3 b6 3. Bf4 e6 4. e3 Bb7 5. Be2 Be7 6. O-O Nh5 7. Be5 d6 8. Bg3 Nxg3 9. hxg3 Nd7 10. a4 a6 11. a5 b5 12. c4 bxc4 13. Bxc4 c5 14. Nc3 cxd4 15. Nxd4 Ne5 16. Be2 O-O 17. b4 Rc8 18. Qb3 Nc6 19. Nxc6 Bxc6 20. b5 axb5 21. Nxb5 Rb8 22. a6 Qb6 23. a7 Ra8 24. Rfb1 Bf6 25. Nd4 Qxb3 26. Rxb3 Bd5 27. Rb6 Rfd8 28. Bf3 Bxf3 29. gxf3 Bxd4 30. exd4 Kf8 31. Rb7 Re8 32. Rc1 Re7 33. Rb8+ Re8 34. Rxe8+ Kxe8 35. Rc7 Kf8 36. Rb7 1-0


[Site "https://www.chess.com"]

[Event "Titled Tuesday Blitz June 21 Early 2022"]
[White "Harsh Suresh"]
[Black "Hoffmann, Asa"]
[WhiteFideId "45018464"]
[BlackFideId "2001470"]
[WhiteElo "2059"]
[BlackElo "2117"]
[Result "1-0"]
[Round "10"]
[TimeControl "180+1"]
[Date "2022.06.22"]
[WhiteClock "0:00:09"]
[BlackClock "0:00:15"]

1. e4 d6 2. d4 Nf6 3. Nc3 c6 4. h3 e5 5. Nf3 Nbd7 6. Bc4 Be7 7. a4 O-O 8. a5 a6 9. Be3 Qc7 10. O-O h6 11. Qe2 Re8 12. Rfd1 Bf8 13. d5 c5 14. Nh4 g6 15. Qd2 Kh7 16. Rf1 Bg7 17. Nf3 Ng8 18. g4 Ndf6 19. Nh2 Qe7 20. f4 exf4 21. Rxf4 Nd7 22. Raf1 Ne5 23. Be2 Bd7 24. Kh1 Rf8 25. Qe1 Bf6 26. Qc1 Rae8 27. Bd3 Bg5 28. R4f2 Nxd3 29. cxd3 f5 30. Bxg5 Qxg5 31. Qxg5 hxg5 32. gxf5 gxf5 33. exf5 Re3 34. Ne4 Rxd3 35. Nxg5+ Kg7 36. Ne6+ Bxe6 37. dxe6 Rxh3 38. Rg2+ Kh8 39. f6 Re3 40. e7 Nxe7 41. fxe7 Rxf1+ 42. Nxf1 Rxe7 43. Rd2 Re6 44. Kg2 Kg7 45. Kf3 Kf6 46. Ne3 Ke7 47. Nd5+ Kd7 48. Nf4 Rh6 49. Ke4 Kc6 50. Nd3 d5+ 51. Kf4 c4 52. Ne5+ Kc5 53. Nd7+ Kd6 54. Nb6 Rh4+ 55. Kg3 Rh5 56. Kg4 Rh1 57. Rxd5+ Kc6 58. Rd4 Kb5 59. Nxc4 Rc1 60. b3 Rc3 61. Rd5+ Kc6 62. Rd3 Rxd3 63. Ne5+ Kb5 64. Nxd3 Kxa5 65. Kf4 b5 66. Ke4 Kb6 67. Kd5 a5 68. Kd6 b4 69. Nb2 Kb5 70. Na4 Ka6 71. Kc6 Ka7 72. Kb5 Kb7 73. Kxa5 1-0


[Site "https://www.chess.com"]

[Event "Titled Tuesday Blitz June 21 Early 2022"]
[White "Harvey, Marcus R"]
[Black "Kosteniuk, Alexandra"]
[WhiteFideId "400092"]
[BlackFideId "4128125"]
[WhiteElo "2485"]
[BlackElo "2469"]
[Result "1-0"]
[Round "10"]
[TimeControl "180+1"]
[Date "2022.06.21"]
[WhiteClock "0:00:06"]
[BlackClock "0:00:03"]

1. d4 f5 2. Bg5 h6 3. Bh4 g5 4. e3 Nf6 5. Bg3 c5 6. c3 Qb6 7. Na3 d5 8. dxc5 Qxc5 9. Nb5 Na6 10. b4 Qc6 11. Nf3 Bg7 12. Ne5 Qb6 13. a4 O-O 14. a5 Qd8 15. Ng6 Re8 16. Be5 Be6 17. h4 Bf7 18. hxg5 Bxg6 19. gxf6 exf6 20. Bf4 Qe7 21. Nd6 Red8 22. Qxd5+ Kh7 23. Rd1 Nc7 24. Qxb7 Rd7 25. Bc4 Rad8 26. Qc6 Ne6 27. Bxe6 Qxe6 28. c4 Bf8 29. c5 Qb3 30. O-O Qxb4 31. a6 Qb3 32. Rd4 Qg8 33. Rb1 Qg7 34. Rb7 Bxd6 35. cxd6 Be8 36. Qd5 Bf7 37. Qxf5+ Bg6 38. Rxd7 Rxd7 39. Qc5 h5 40. Qd5 Bf7 41. Qf5+ Bg6 42. Qd5 Bf7 43. Qc5 Bg6 44. Rb4 Bd3 45. Qc6 Bf5 46. Rb7 Qf7 47. e4 Bg4 48. f3 Be6 49. Qb5 Kg6 50. Be3 h4 51. Bxa7 h3 52. g4 Qh7 53. Kh2 Qh4 54. Rxd7 Bxd7 55. Qxd7 Qe1 56. Qf5+ Kg7 57. Kxh3 Qh1+ 58. Kg3 Qe1+ 59. Bf2 Qd1 60. a7 Qxd6+ 61. Qf4 Qa3 62. Qb8 Qa1 63. a8=Q 1-0


[Site "https://www.chess.com"]

[Event "Titled Tuesday Blitz June 21 Early 2022"]
[White "Heinemann, Josefine"]
[Black "Nguyen, Quoc Hy"]
[WhiteFideId "12900460"]
[BlackFideId "12410853"]
[WhiteElo "2300"]
[BlackElo "1938"]
[Result "1/2-1/2"]
[Round "10"]
[TimeControl "180+1"]
[Date "2022.06.22"]
[WhiteClock "0:01:41"]
[BlackClock "0:00:01"]

1. e4 c5 2. Nf3 d6 3. d4 cxd4 4. Nxd4 Nf6 5. Nc3 e5 6. Bb5+ Nbd7 7. Nf5 a6 8. Bxd7+ Qxd7 9. Ne3 Be7 10. O-O O-O 11. Ned5 Nxd5 12. Nxd5 Bd8 13. Be3 f5 14. exf5 Qxf5 15. c4 Be6 16. b3 Kh8 17. Qd2 b5 18. Rac1 Rc8 19. cxb5 axb5 20. a4 bxa4 21. bxa4 Rxc1 22. Rxc1 Qe4 23. Nc3 Qb4 24. Rb1 Qa3 25. Nb5 Qa2 26. Qxa2 Bxa2 27. Ra1 Bb3 28. Nxd6 Ba5 29. Ne4 Ra8 30. f3 Kg8 31. Kf2 h6 32. h4 Kh7 33. h5 Kg8 34. g4 Rc8 35. Rc1 Rxc1 36. Bxc1 Bxa4 37. Bb2 Bb6+ 38. Kg2 Bd4 39. Bxd4 exd4 40. Kf2 Kf7 41. Ke2 Bb5+ 42. Kd2 Ke6 43. f4 Kd5 44. Ng3 Bd7 45. g5 Bg4 46. Kd3 Bf3 47. Kd2 Be4 48. gxh6 gxh6 49. f5 Bf3 50. f6 Ke6 51. Nf5 Kxf6 52. Nxd4 Bxh5 53. Ke3 Ke5 54. Nf3+ Kf5 55. Kf2 Kf4 56. Ng1 Bg4 57. Kg2 h5 58. Nh3+ Kf5 59. Nf2 Be2 60. Kg3 Kg5 61. Nh3+ Kf5 62. Nf4 Bd1 63. Nxh5 1/2-1/2


[Site "https://www.chess.com"]

[Event "Titled Tuesday Blitz June 21 Early 2022"]
[White "Ianov, Viktor"]
[Black "Skliarov, Viktor"]
[WhiteFideId "14102730"]
[BlackFideId "14106736"]
[WhiteElo "2152"]
[BlackElo "2229"]
[Result "0-1"]
[Round "10"]
[TimeControl "180+1"]
[Date "2022.06.21"]
[WhiteClock "0:02:00"]
[BlackClock "0:00:51"]

1. Nf3 g6 2. g3 Bg7 3. Bg2 Nf6 4. b3 O-O 5. Bb2 c5 6. c4 Nc6 7. Nc3 d5 8. Nxd5 Nxd5 9. Bxg7 Kxg7 10. cxd5 Qxd5 11. O-O b6 12. Rc1 Bb7 13. d3 Rad8 14. Qd2 Nd4 15. Ne1 Qd7 16. Bxb7 Qxb7 17. Qb2 f6 18. Ng2 e5 19. Ne3 e4 20. Rfd1 exd3 21. Rxd3 Nf3+ 22. Kf1 Nxh2+ 23. Kg1 Nf3+ 24. Kf1 Rxd3 25. exd3 Nd4 26. Kg1 Re8 27. b4 Nf3+ 28. Kf1 Ne5 29. Qc3 Qh1+ 30. Ke2 Qf3+ 31. Kf1 Ng4 0-1


[Site "https://www.chess.com"]

[Event "Titled Tuesday Blitz June 21 Early 2022"]
[White "Itkis, Boris"]
[Black "Reprintsev, Alexander"]
[WhiteFideId "1209167"]
[BlackFideId "14100541"]
[WhiteElo "2207"]
[BlackElo "2108"]
[Result "0-1"]
[Round "10"]
[TimeControl "180+1"]
[Date "2022.06.22"]
[WhiteClock "0:00:19"]
[BlackClock "0:00:32"]

1. Nf3 d5 2. b3 Bf5 3. Bb2 e6 4. e3 Nf6 5. d4 Be7 6. Nbd2 O-O 7. Nh4 Bg4 8. Be2 Bxe2 9. Qxe2 a5 10. Nhf3 a4 11. Ne5 Nbd7 12. f4 Bb4 13. c3 a3 14. cxb4 axb2 15. Rb1 Rxa2 16. g4 Qe7 17. g5 Ne8 18. h4 Nxe5 19. fxe5 Qxb4 20. O-O c5 21. Qd3 Nc7 22. h5 Qb5 23. Qc3 Qe2 24. h6 Qg4+ 25. Kf2 Qh4+ 26. Ke2 cxd4 27. exd4 Nb5 28. Qc5 Nxd4+ 29. Kd3 Nf5 30. hxg7 Kxg7 31. Rxf5 exf5 32. Qe7 Qg3+ 33. Ke2 f4 34. Qf6+ Kg8 35. Rf1 Qe3+ 36. Kd1 b1=Q+ 37. Nxb1 Qe2+ 38. Kc1 Qc2# 0-1


[Site "https://www.chess.com"]

[Event "Titled Tuesday Blitz June 21 Early 2022"]
[White "Jeet, Jain"]
[Black "Horak, Martin"]
[WhiteFideId "5073022"]
[BlackFideId "367095"]
[WhiteElo "2055"]
[BlackElo "1997"]
[Result "1/2-1/2"]
[Round "10"]
[TimeControl "180+1"]
[Date "2022.06.22"]
[WhiteClock "0:02:06"]
[BlackClock "0:01:10"]

1. c4 b6 2. g3 Bb7 3. Nf3 Nf6 4. Bg2 e6 5. O-O Be7 6. b3 O-O 7. Bb2 c5 8. d4 cxd4 9. Qxd4 d6 10. Nc3 a6 11. e4 Nbd7 12. Rfe1 Qc7 13. Rad1 Rfd8 14. a4 Rac8 15. Nd2 Bf8 16. h3 Nc5 17. Kh2 Qb8 18. b4 Ncd7 19. f4 e5 20. Qe3 d5 21. Nxd5 Bxd5 22. cxd5 Bxb4 23. fxe5 Nxe5 24. Bxe5 Qxe5 25. Nf3 Qh5 26. Qxb6 Ng4+ 27. Kh1 Nf2+ 28. Kh2 Bc5 29. Qxa6 Ng4+ 30. Kh1 Nf2+ 31. Kh2 Ng4+ 32. Kh1 Nf2+ 33. Kh2 1/2-1/2


[Site "https://www.chess.com"]

[Event "Titled Tuesday Blitz June 21 Early 2022"]
[White "Jia, Haoxiang"]
[Black "Pham, Tran Gia Phuc"]
[WhiteFideId "8602999"]
[BlackFideId "12415669"]
[WhiteElo "2608"]
[BlackElo "1789"]
[Result "1-0"]
[Round "10"]
[TimeControl "180+1"]
[Date "2022.06.22"]
[WhiteClock "0:01:11"]
[BlackClock "0:00:15"]

1. e4 c5 2. Nc3 Nc6 3. g3 g6 4. Bg2 Bg7 5. d3 d6 6. Be3 Nf6 7. h3 O-O 8. f4 Rb8 9. Nf3 b6 10. O-O Bb7 11. g4 d5 12. g5 d4 13. gxf6 Bxf6 14. Bd2 dxc3 15. Bxc3 e5 16. f5 Nd4 17. Nxd4 exd4 18. Bd2 Be5 19. Qg4 Kg7 20. Rf2 Qd6 21. Raf1 f6 22. h4 Bc8 23. Bh3 Kh8 24. Rg2 Bd7 25. Qf3 gxf5 26. Bxf5 Bxf5 27. Qxf5 Rg8 28. Rf2 Rbf8 29. Bh6 Re8 30. Kf1 Qe7 31. h5 b5 32. b3 a6 33. Rxg8+ Rxg8 34. Rg2 Qf7 35. Rxg8+ Qxg8 36. Qd7 c4 37. bxc4 bxc4 38. a4 cxd3 39. cxd3 Qg3 40. Qc8+ Qg8 41. Qxa6 Qe8 42. Qb7 f5 43. exf5 Bg3 44. Qg7# 1-0


[Site "https://www.chess.com"]

[Event "Titled Tuesday Blitz June 21 Early 2022"]
[White "Joubert, Dantelle"]
[Black "Cramling Bellon, Anna"]
[WhiteFideId "14310813"]
[BlackFideId "32009232"]
[WhiteElo "1507"]
[BlackElo "1905"]
[Result "0-1"]
[Round "10"]
[TimeControl "180+1"]
[Date "2022.06.22"]
[WhiteClock "0:00:04"]
[BlackClock "0:00:05"]

1. e4 c5 2. Nf3 e6 3. c3 Nf6 4. Bd3 c4 5. Bc2 d5 6. e5 Nfd7 7. O-O Nc6 8. Qe2 Be7 9. b3 b5 10. a4 Ba6 11. axb5 Bxb5 12. bxc4 Bxc4 13. d3 Bb5 14. c4 dxc4 15. dxc4 Ndxe5 16. cxb5 Nxf3+ 17. Qxf3 Nd4 18. Qd3 Bf6 19. Ba4 O-O 20. Bb2 Nf3+ 21. Qxf3 Bxb2 22. Ra2 Be5 23. Rd2 Qh4 24. g3 Qxa4 25. Qe2 Bf6 26. Rfd1 Rab8 27. Rd7 Qxb5 28. Qxb5 Rxb5 29. Rxa7 Rfb8 30. Na3 Rb3 31. Nc4 g6 32. Nd6 Rd8 33. Rd2 Rb1+ 34. Kg2 Rb6 35. Ne4 Rxd2 36. Nxd2 Rb2 37. Ne4 Bd4 38. Ra8+ Kg7 39. Rd8 e5 40. Rd7 Kf8 41. Nd6 Rxf2+ 42. Kh3 h5 43. Nb5 Rf6 44. Nxd4 exd4 45. Rxd4 Kg7 46. Kg2 g5 47. h3 Kg6 48. Rd5 Re6 49. Rc5 Re2+ 50. Kf3 Rb2 51. h4 Rb3+ 52. Kg2 gxh4 53. gxh4 Rb4 54. Rg5+ Kh6 55. Kh3 Rb3+ 56. Kg2 f6 57. Ra5 Kg6 58. Kh2 Rc3 59. Kg2 Re3 60. Kh2 Re5 61. Ra4 Kf5 62. Kg3 Re4 63. Ra5+ Re5 64. Ra4 Kg6 65. Rg4+ Kf5 66. Rf4+ Ke6 67. Rf1 Re3+ 68. Kf4 Ra3 69. Rg1 Ra4+ 70. Kf3 Rxh4 71. Rg8 Kf5 72. Kg3 Rg4+ 73. Rxg4 hxg4 74. Kf2 Kf4 75. Kg2 g3 76. Kg1 Kf3 77. Kf1 f5 78. Kg1 f4 79. Kf1 Kg4 80. Kg2 f3+ 81. Kf1 Kh3 82. Kg1 f2+ 83. Kf1 g2+ 84. Kxf2 Kh2 85. Kf3 g1=Q 86. Kf4 Qd4+ 87. Kf5 Kg3 88. Ke6 Kg4 89. Ke7 Kf5 90. Kf7 Qd6 91. Ke8 Qe6+ 92. Kd8 Qf6+ 93. Kc8 Ke6 94. Kb7 Kd5 95. Kc7 Qd6+ 96. Kc8 Qe6+ 97. Kc7 Qc6+ 98. Kd8 Qb6+ 99. Ke7 Qc7+ 100. Kf6 Qd6+ 101. Kf5 Qe6+ 102. Kf4 Qe4+ 103. Kg5 Ke5 104. Kh5 Qf4 105. Kg6 Qf5+ 106. Kg7 Ke6 107. Kg8 Qf7+ 108. Kh8 Qe7 109. Kg8 Kf6 110. Kh8 Qg7# 0-1


[Site "https://www.chess.com"]

[Event "Titled Tuesday Blitz June 21 Early 2022"]
[White "Kamsky, Gata"]
[Black "Kobalia, Mikhail"]
[WhiteFideId "2000024"]
[BlackFideId "4119150"]
[WhiteElo "2645"]
[BlackElo "2667"]
[Result "1-0"]
[Round "10"]
[TimeControl "180+1"]
[Date "2022.06.21"]
[WhiteClock "0:01:00"]
[BlackClock "0:00:18"]

1. d4 d5 2. Bf4 c5 3. e3 Nc6 4. c3 cxd4 5. exd4 Bf5 6. Nd2 e6 7. Qb3 Bd6 8. Bg3 Rb8 9. Ngf3 Nf6 10. Be2 O-O 11. O-O Ne4 12. Nxe4 Bxe4 13. Nd2 Bg6 14. a4 Ne7 15. Bxd6 Qxd6 16. Rfe1 Nf5 17. a5 Qc7 18. Bf1 Nd6 19. Qb4 Rfd8 20. Qc5 Qxc5 21. dxc5 Ne4 22. Nxe4 Bxe4 23. c4 Bf5 24. cxd5 exd5 25. b4 d4 26. Ra2 d3 27. Rd2 Rd4 28. Rb1 a6 29. f3 h5 30. g3 Re8 31. Kf2 g5 32. Rb3 h4 33. Bxd3 Red8 34. Ke3 R4d5 35. gxh4 Re8+ 36. Be4 Bxe4 37. fxe4 Rde5 38. hxg5 Rxe4+ 39. Kf3 Rc4 40. Rd7 Re5 41. g6 fxg6 42. Rxb7 Rh5 43. Re3 Rh3+ 44. Ke2 1-0


[Site "https://www.chess.com"]

[Event "Titled Tuesday Blitz June 21 Early 2022"]
[White "Karttunen, Mika"]
[Black "Csonka, Balazs"]
[WhiteFideId "502081"]
[BlackFideId "742910"]
[WhiteElo "2343"]
[BlackElo "2404"]
[Result "0-1"]
[Round "10"]
[TimeControl "180+1"]
[Date "2022.06.21"]
[WhiteClock "0:01:01"]
[BlackClock "0:00:11"]

1. d4 d5 2. c4 c6 3. Nc3 dxc4 4. a4 e5 5. dxe5 Qxd1+ 6. Nxd1 Nd7 7. f4 Nc5 8. Nc3 Bf5 9. Be3 Nb3 10. Rd1 Bc2 11. Nf3 Bxd1 12. Kxd1 Ne7 13. Bf2 Nd5 14. g3 Bc5 15. e4 Nxc3+ 16. bxc3 Bxf2 17. Bxc4 Na5 18. Bd3 Bc5 19. Ke2 Rd8 20. Rb1 O-O 21. f5 Rfe8 22. g4 Bb6 23. g5 Bc7 24. e6 fxe6 25. f6 e5 26. Nh4 gxf6 27. gxf6 Kf7 28. Rf1 Rd6 29. Nf5 Rxf6 30. Bb1 Rf8 31. Rg1 Rxf5 32. exf5 Kf6 33. Rg4 b5 34. Rh4 Rf7 35. axb5 cxb5 36. Ba2 Nc4 37. Bxc4 bxc4 38. Rxc4 Kxf5 39. Rc6 Bb6 40. c4 Rc7 41. Rh6 Rxc4 42. Rxh7 Rc2+ 43. Kd3 Rf2 44. Rf7+ Ke6 45. Rh7 Kd5 46. Rd7+ Kc6 47. Rh7 a5 48. Rh6+ Kb5 49. Rh5 Bd4 50. h4 a4 51. Rh8 a3 52. Rb8+ Kc6 53. Ra8 a2 54. Ke4 a1=Q 0-1


[Site "https://www.chess.com"]

[Event "Titled Tuesday Blitz June 21 Early 2022"]
[White "Khan, Taffin"]
[Black "Einarsson, Halldor Gretar"]
[WhiteFideId "19700024"]
[BlackFideId "2300150"]
[WhiteElo "2019"]
[BlackElo "2114"]
[Result "0-1"]
[Round "10"]
[TimeControl "180+1"]
[Date "2022.06.22"]
[WhiteClock "0:00:07"]
[BlackClock "0:00:17"]

1. e4 c5 2. Nf3 Nc6 3. c3 Nf6 4. e5 Nd5 5. d4 cxd4 6. cxd4 d6 7. Bc4 Nb6 8. Bb5 Bd7 9. O-O Nxe5 10. Bxd7+ Nexd7 11. Nc3 g6 12. Re1 Bg7 13. a4 O-O 14. a5 Nc4 15. b3 Nxa5 16. Nd5 Nc6 17. b4 Nb6 18. Nxb6 Qxb6 19. Be3 Nxb4 20. Rb1 a5 21. Bd2 Rfe8 22. Qb3 Qb5 23. Ng5 Qd5 24. Bxb4 Qxg5 25. Bc3 b5 26. Qxb5 Qxb5 27. Rxb5 a4 28. Ra1 a3 29. Rb3 a2 30. Rb2 Reb8 31. Rxb8+ Rxb8 32. Kf1 Rb1+ 33. Ke2 Rxa1 34. Bxa1 e5 35. Kd3 exd4 36. f4 d5 37. g3 Kf8 0-1


[Site "https://www.chess.com"]

[Event "Titled Tuesday Blitz June 21 Early 2022"]
[White "Kopczynski, Michal"]
[Black "Polster, Christian"]
[WhiteFideId "1124200"]
[BlackFideId "12965081"]
[WhiteElo "2235"]
[BlackElo "2287"]
[Result "1-0"]
[Round "10"]
[TimeControl "180+1"]
[Date "2022.06.22"]
[WhiteClock "0:00:58"]
[BlackClock "0:00:11"]

1. e4 c5 2. d4 cxd4 3. c3 dxc3 4. Nxc3 e6 5. f4 Qc7 6. Nf3 a6 7. Bd3 Nc6 8. O-O b5 9. Kh1 Bb7 10. Be3 d6 11. Rc1 Rc8 12. Qe1 Qb8 13. Qg3 Nf6 14. e5 Nh5 15. Qh3 g6 16. Ne4 d5 17. Nc5 Ng7 18. Nd4 Nb4 19. Ndxe6 fxe6 20. Nxe6 Nxd3 21. Nxg7+ Bxg7 22. Qe6+ Kf8 23. f5 Rxc1 24. Bxc1 Bxe5 25. fxg6+ Bf4 26. Qf7# 1-0


[Site "https://www.chess.com"]

[Event "Titled Tuesday Blitz June 21 Early 2022"]
[White "Korchmar, Vasiliy"]
[Black "Bilych, Olexiy"]
[WhiteFideId "24131750"]
[BlackFideId "14156504"]
[WhiteElo "2370"]
[BlackElo "2189"]
[Result "1-0"]
[Round "10"]
[TimeControl "180+1"]
[Date "2022.06.21"]
[WhiteClock "0:01:28"]
[BlackClock "0:00:17"]

1. e4 e5 2. Nf3 Nc6 3. Nc3 Nf6 4. h3 d5 5. exd5 Nxd5 6. Bb5 Nxc3 7. bxc3 Bd6 8. d4 exd4 9. O-O O-O 10. cxd4 Qf6 11. c4 Bf5 12. Bxc6 bxc6 13. c5 Bxc5 14. Bg5 Qg6 15. dxc5 h6 16. Be3 Bxh3 17. Nh4 Qf6 18. Qd4 Qxd4 19. Bxd4 Be6 20. Nf3 Rfd8 21. Be3 Rab8 22. Rfb1 Rxb1+ 23. Rxb1 Bxa2 24. Ra1 Bd5 25. Rxa7 Bxf3 26. gxf3 Rd7 27. Ra6 g5 28. Rxc6 Kg7 29. Kg2 f6 30. Bc1 Kg6 31. Bb2 Rf7 32. Bc3 Kf5 33. Ba5 Rd7 34. Bxc7 h5 35. Bd6 h4 36. Rc7 Rd8 37. Ra7 Ke6 38. Kh3 Re8 39. f4 Kf5 40. fxg5 fxg5 41. Re7 Ra8 42. Re5+ Kg6 43. Re6+ Kf5 44. Re5+ Kg6 45. Re3 Kh5 46. Rc3 Ra1 47. Kg2 g4 48. c6 h3+ 49. Kh2 Rf1 50. Bg3 1-0


[Site "https://www.chess.com"]

[Event "Titled Tuesday Blitz June 21 Early 2022"]
[White "Kozelov, Roman"]
[Black "Thiel, Thomas"]
[WhiteFideId "14133377"]
[BlackFideId "4615964"]
[WhiteElo "2149"]
[BlackElo "2242"]
[Result "1-0"]
[Round "10"]
[TimeControl "180+1"]
[Date "2022.06.22"]
[WhiteClock "0:01:18"]
[BlackClock "0:00:12"]

1. e4 d5 2. exd5 Nf6 3. Nc3 Nxd5 4. Bc4 Nb6 5. Bb3 g6 6. Qf3 e6 7. d3 Bg7 8. Nge2 Nc6 9. O-O O-O 10. Qg3 a5 11. a3 a4 12. Ba2 Nd5 13. Nxd5 exd5 14. Bg5 Qd6 15. Bf4 Be5 16. Bxe5 Nxe5 17. f4 Nd7 18. f5 Qxg3 19. Nxg3 c6 20. d4 Nf6 21. Rae1 Bd7 22. fxg6 fxg6 23. c4 Rae8 24. Re5 Kg7 25. cxd5 Rxe5 26. dxe5 Nxd5 27. Rxf8 Kxf8 28. Bxd5 cxd5 29. Kf2 d4 30. Ne2 d3 31. Nf4 d2 32. Ke2 Bc6 33. g3 Ke7 34. Kxd2 b5 35. Ke3 g5 36. Nd3 Ke6 37. Kd4 Be8 38. Nc5+ Kf5 39. Nb7 Bf7 40. Nd6+ 1-0


[Site "https://www.chess.com"]

[Event "Titled Tuesday Blitz June 21 Early 2022"]
[White "Kvaloy, Aksel Bu"]
[Black "Orlov, Georgi"]
[WhiteFideId "1528815"]
[BlackFideId "2011271"]
[WhiteElo "2006"]
[BlackElo "2492"]
[Result "0-1"]
[Round "10"]
[TimeControl "180+1"]
[Date "2022.06.22"]
[WhiteClock "0:00:06"]
[BlackClock "0:00:16"]

1. e4 e6 2. d4 d5 3. Nd2 Be7 4. Ngf3 Nf6 5. e5 Nfd7 6. Bd3 c5 7. c3 Nc6 8. O-O Qb6 9. a3 cxd4 10. cxd4 Nxd4 11. Nxd4 Qxd4 12. Nf3 Qb6 13. b4 a5 14. Be3 Qd8 15. Qa4 O-O 16. Rac1 Nb6 17. Qb5 Nc4 18. Bxc4 dxc4 19. Rfd1 Qe8 20. Qxe8 Rxe8 21. Rxc4 axb4 22. axb4 b5 23. Rg4 Bb7 24. Nd4 h5 25. Rg3 Bxb4 26. Nxb5 Red8 27. Nd6 Be4 28. h4 Bg6 29. Bg5 Rd7 30. Re3 Ra2 31. Kf1 Bc5 32. Re2 Rda7 33. Red2 Rxd2 34. Rxd2 Ra1+ 35. Ke2 Ra4 36. f3 Bb4 37. Rb2 Bc3 38. Rb8+ Kh7 39. f4 Ra2+ 40. Kf3 Bd4 41. Ne8 Ra3+ 42. Ke2 Bd3+ 43. Kd2 Be4 44. Bf6 Ra2+ 45. Ke1 Bc3+ 46. Kd1 Bd3 0-1


[Site "https://www.chess.com"]

[Event "Titled Tuesday Blitz June 21 Early 2022"]
[White "Lashkin, Jegor"]
[Black "So, Wesley"]
[WhiteFideId "13907808"]
[BlackFideId "5202213"]
[WhiteElo "2368"]
[BlackElo "2742"]
[Result "0-1"]
[Round "10"]
[TimeControl "180+1"]
[Date "2022.06.21"]
[WhiteClock "0:00:31"]
[BlackClock "0:01:31"]

1. d4 Nf6 2. c4 e6 3. Nf3 d5 4. Nc3 c6 5. e3 Nbd7 6. Qc2 Bd6 7. Bd3 O-O 8. O-O dxc4 9. Bxc4 b5 10. Bd3 Bb7 11. e4 e5 12. dxe5 Nxe5 13. Nxe5 Bxe5 14. h3 a6 15. Be3 Re8 16. a4 Bd4 17. Bxd4 Qxd4 18. Rad1 Qb6 19. Rfe1 b4 20. Ne2 c5 21. Ng3 Nd7 22. Bc4 Ne5 23. Nf5 Rad8 24. Ne3 Qg6 25. Rxd8 Rxd8 26. Nf5 Nf3+ 27. Kf1 Qxg2+ 0-1


[Site "https://www.chess.com"]

[Event "Titled Tuesday Blitz June 21 Early 2022"]
[White "Legenia, Artem"]
[Black "Samaganova, Aleksandra"]
[WhiteFideId "14136945"]
[BlackFideId "13800221"]
[WhiteElo "1936"]
[BlackElo "1864"]
[Result "0-1"]
[Round "10"]
[TimeControl "180+1"]
[Date "2022.06.22"]
[WhiteClock "0:00:47"]
[BlackClock "0:00:05"]

1. d4 Nf6 2. Nf3 e6 3. e3 b6 4. Bd3 Bb7 5. b3 c5 6. Bb2 Nc6 7. a3 Be7 8. Nbd2 O-O 9. O-O d5 10. Ne5 Nxe5 11. dxe5 Nd7 12. Qf3 g6 13. Rad1 Qc7 14. Qg3 a6 15. h4 b5 16. c4 bxc4 17. bxc4 Bc6 18. h5 Kg7 19. cxd5 Bxd5 20. Ne4 Bxe4 21. Bxe4 Rab8 22. Ba1 c4 23. f4 c3 24. Rd3 Nc5 25. Rxc3 Nxe4 26. Rxc7 Nxg3 27. Rd1 Bd8 28. Rc6 Nxh5 29. Rxa6 Bb6 30. Kf2 Nxf4 31. Rxb6 Rxb6 32. exf4 Rb3 33. a4 Ra8 34. Rd4 Ra3 35. Bb2 R3xa4 36. Rxa4 Rxa4 37. Bc1 Ra2+ 38. Kf3 h5 39. Be3 Ra3 40. Kf2 Rb3 41. Bc5 Rc3 42. Be7 Rc4 43. Kf3 Ra4 44. Bf6+ Kf8 45. g3 Ke8 46. Bg5 Kd7 47. g4 Ra3+ 48. Ke4 hxg4 0-1


[Site "https://www.chess.com"]

[Event "Titled Tuesday Blitz June 21 Early 2022"]
[White "Leve, Nitai"]
[Black "Shuvalova, Polina"]
[WhiteFideId "2006898"]
[BlackFideId "24171760"]
[WhiteElo "2144"]
[BlackElo "2330"]
[Result "0-1"]
[Round "10"]
[TimeControl "180+1"]
[Date "2022.06.22"]
[WhiteClock "0:00:05"]
[BlackClock "0:00:08"]

1. d4 Nf6 2. c4 e6 3. Nc3 Bb4 4. Qc2 c5 5. e3 cxd4 6. exd4 O-O 7. Bd3 d5 8. cxd5 exd5 9. Ne2 Nc6 10. a3 Bd6 11. O-O h6 12. h3 Re8 13. b4 Be6 14. b5 Na5 15. Bf4 Rc8 16. Rac1 Nc4 17. a4 b6 18. Rfe1 Qc7 19. Bxd6 Qxd6 20. Ng3 Bd7 21. Rxe8+ Rxe8 22. Nxd5 Qxd5 23. Qxc4 Qd6 24. Bf5 g6 25. Bxg6 Be6 26. Nf5 Qf4 27. d5 Qxc4 28. Rxc4 Bxd5 29. Bxf7+ Kxf7 30. Rc7+ Kg6 31. Ne3 Bf7 32. Rxa7 Re4 33. Rb7 Rxa4 34. Rxb6 Kg7 35. g4 Ne4 36. Rb7 Ra1+ 37. Kg2 Ra2 38. Kf3 Ng5+ 39. Kg3 Ne4+ 40. Kf4 Nd6 41. Rd7 Nxb5 42. Nf5+ Kf6 43. h4 Rxf2+ 44. Kg3 Rf1 45. Ne3 Re1 46. Kf2 Ra1 47. Rb7 Nd4 48. Rb6+ Kg7 49. Rb7 Ra2+ 50. Kg3 Kf6 51. g5+ hxg5 52. hxg5+ Kg6 53. Ng4 Ra3+ 54. Kf2 Ra2+ 55. Ke3 Nf5+ 56. Kf4 Ra4+ 57. Kf3 Bd5+ 58. Ke2 Bxb7 59. Ne5+ Kxg5 60. Nf7+ Kf6 61. Nd6 Ra2+ 62. Kd3 Bd5 63. Nb5 Ke5 64. Nc3 Ra3 65. Kc2 Nd6 66. Ne2 Be4+ 67. Kd2 Nc4+ 68. Kc1 Ra1# 0-1


[Site "https://www.chess.com"]